 Dungeon Crawl Stone Soup version 0.26-a0-610-g3e9335bbc7 (webtiles) character file.

Game seed: 17387577133889254706

1080 Mitsuki the Covert (level 8, -5/36 HPs)
             Began as a Spriggan Enchanter on Sept 4, 2020.
             Was a Follower of Dithmenos.
             Slain by a phantom (9 damage)
             ... on level 6 of the Dungeon.
             The game lasted 00:16:03 (5679 turns).

Mitsuki the Covert (Spriggan Enchanter)             Turns: 5679, Time: 00:16:04

Health: -5/36      AC:  2    Str:  6    XL:     8   Next: 8%
Magic:  15/15      EV: 21    Int: 17    God:    Dithmenos [*.....]
Gold:   313        SH:  0    Dex: 16    Spells: 12/15 levels left

rFire    . . .     SeeInvis +   e - +0 short sword (distort)
rCold    . . .     Faith    .   (shield restricted)
rNeg     . . .     Spirit   .   b - +0 robe
rPois    .         Reflect  .   (helmet restricted)
rElec    .         Harm     .   (no cloak)
rCorr    .                      (gloves unavailable)
MR       +....                  (boots unavailable)
Stlth    +++++.....             n - amulet of magic regeneration
HPRegen  0.12/turn              (no ring)
MPRegen  0.39/turn              (no ring)

@: wreathed by umbra, very quick
A: very small, unfitting armour, see invisible, speed 3
a: Renounce Religion


You were on level 6 of the Dungeon.
You worshipped Dithmenos.
Dithmenos was aware of your devotion.
You visited 2 branches of the dungeon, and saw 7 of its levels.

You collected 313 gold pieces.

Inventory:

Hand Weapons
 a - a +1 dagger
 e - a +0 short sword of distortion (weapon)
Armour
 b - a +0 robe (worn)
Jewellery
 n - an amulet of magic regeneration (around neck)
Scrolls
 c - 2 scrolls of amnesia
 f - 3 scrolls of fear
 h - 2 scrolls of teleportation
 i - 3 scrolls of identify
 o - a scroll of blinking {unknown}
 r - a scroll of enchant weapon {unknown}
Potions
 d - a potion of haste {unknown}
 g - 3 potions of might {unknown}
 j - 2 potions of brilliance {unknown}
 k - a potion of ambrosia {unknown}
 l - a potion of stabbing {unknown}
 m - a potion of degeneration {unknown}
 p - 3 potions of lignification
 q - 2 potions of flight {unknown}
 s - 2 potions of curing
 t - a potion of cancellation {unknown}


   Skills:
 + Level 3.9 Short Blades
 + Level 6.0 Dodging
 * Level 9.3 Stealth
 - Level 4.0 Spellcasting
 * Level 7.3 Hexes


You had 12 spell levels left.
You knew the following spells:

 Your Spells              Type           Power        Failure   Level
b - Ensorcelled Hibernat  Hex/Ice        ###...       5%          2
c - Corona                Hex            ####...      1%          1

Your spell library contained the following spells:

 Spells                   Type           Power        Failure   Level
 Confusing Touch          Hex            ####....     2%          3
 Tukima's Dance           Hex            ####....     2%          3
 Dazzling Flash           Conj/Hex       ###...       11%         3


Dungeon Overview and Level Annotations

Branches:
Dungeon (6/15)             Temple (1/1) D:4

Altars:
Cheibriados
Dithmenos
Elyvilon
Fedhas
Gozag
Hepliaklqana
Kikubaaqudgha
Makhleb
Nemelex Xobeh
Okawaru
Qazlal
Ru
Sif Muna
Trog
Uskayaw
Vehumet
Wu Jian
Xom
Yredelemnul
Zin
The Shining One


Innate Abilities, Weirdness & Mutations

You are very small and have problems with some larger weapons.
You are too small for most types of armour.
You have supernaturally acute eyesight. (SInv)
You cover ground extremely quickly.


Message History

You hit the phantom but do no damage.
Space bends around the phantom.
The phantom is severely damaged.
The phantom hits you!
* * * LOW HITPOINT WARNING * * *
The phantom blinks!
You take 7 damage, and have 8/36 hp.
You miss the phantom.
The phantom is severely damaged.
The phantom hits you.
* * * LOW HITPOINT WARNING * * *
The phantom blinks!
You take 4 damage, and have 4/36 hp.
You hit the phantom.
The phantom is severely damaged.
The phantom blinks!
You hit the phantom but do no damage.
Space warps horribly around the phantom!
The phantom is almost destroyed.
The phantom hits you!
You die...

## #. #.
###.###
#.....#
#.....########
#...@.##.....#
#...W........#
##...........#
#...........#
#....[......#
##.####.....#
#. #.....+ #.
#.....# #.
##.####


You could see a phantom.

Vanquished Creatures
  Grinder (D:5)
  2 ogres
  Blork the orc (D:5)
  A howler monkey (D:5)
  A bullfrog zombie (D:5)
  2 orc priests (D:5)
  A bullfrog skeleton (D:4)
  A hound (D:4)
  2 worker ants
  A howler monkey skeleton (D:4)
  7 adders
  A shadow imp (D:6)
  A white imp (D:5)
  An adder zombie (D:5)
  2 oozes
  A worm (D:2)
  2 dart slugs
  4 leopard geckos
  10 orcs
  3 ball pythons
  5 giant cockroaches
  6 goblins
  A hobgoblin (D:3)
  9 jackals
  A kobold (D:3)
  4 quokkas
  6 bats
  5 frilled lizards
  A quokka skeleton (D:4)
  10 rats
93 creatures vanquished.

Notes
Turn   | Place    | Note
-------+----------+-------------------------------------------
     0 | D:1      | Mitsuki the Spriggan Enchanter began the quest for the Orb.
     0 | D:1      | Reached XP level 1. HP: 9/9 MP: 5/5
   534 | D:1      | Reached XP level 2. HP: 13/13 MP: 6/6
   614 | D:1      | You fall into a shaft and drop 1 floor!
   668 | D:2      | Reached skill level 5 in Stealth
   786 | D:2      | Reached XP level 3. HP: 15/16 MP: 6/8
  1180 | D:2      | Learned a level 2 spell: Ensorcelled Hibernation
  1278 | D:2      | Noticed an ogre
  1326 | D:2      | Banished an ogre
  1326 | D:2      | Reached skill level 6 in Stealth
  1326 | D:2      | Reached XP level 4. HP: 21/21 MP: 1/10
  1326 | D:2      | Reached XP level 5. HP: 24/24 MP: 1/11
  1933 | D:3      | Reached skill level 5 in Hexes
  2929 | D:4      | Reached XP level 6. HP: 19/28 MP: 1/12
  3145 | D:4      | Found a staircase to the Ecumenical Temple.
  3154 | Temple   | Entered the Ecumenical Temple
  3177 | Temple   | Became a worshipper of Dithmenos the Shadowed
  3255 | D:4      | Reached skill level 7 in Stealth
  3719 | D:5      | Entered Level 5 of the Dungeon
  3741 | D:5      | Reached skill level 5 in Dodging
  3741 | D:5      | Reached XP level 7. HP: 17/32 MP: 6/14
  3943 | D:5      | Reached skill level 8 in Stealth
  4257 | D:5      | Noticed Grinder
  4573 | D:5      | Found a radiant altar of Vehumet.
  4713 | D:5      | Reached * piety under Dithmenos
  4742 | D:5      | HP: 1/32 [poisoned by an orc]
  5078 | D:5      | Noticed Blork the orc
  5110 | D:5      | Killed Blork the orc
  5188 | D:5      | Killed Grinder
  5188 | D:5      | Reached skill level 9 in Stealth
  5188 | D:5      | Reached XP level 8. HP: 31/36 MP: 15/15
  5523 | D:6      | Found a snail-covered altar of Cheibriados.
  5523 | D:6      | Found a stormy altar of Qazlal.
  5525 | D:6      | Found a white marble altar of Elyvilon.
  5526 | D:6      | Found an ancient bone altar of Kikubaaqudgha.
  5526 | D:6      | Found an opulent altar of Gozag.
  5679 | D:6      | Slain by a phantom

Illustrated notes

Levels and vault maps discovered:
D:1:      scummos_arrival_checkerplants, layout_basic, minmay_rat_gold_closets
D:2:      layout_loops_cross, grunt_decor_resistance,
          chequers_serial_rivers_micro_c
D:3:      layout_loops_corners
D:4:      layout_gridville, minmay_temple_entry_mist
D:5:      layout_loops_ring, nicolae_overflow_crystal_walls, uniq_grinder,
          uniq_blork_the_orc
D:6:      minmay_bubble_buster, layout_basic, grunt_temple_overflow_open,
          enter_ossuary_2
Temple:   minmay_freezing_vapour_temple

Skill      XL: |  1  2  3  4  5  6  7 |
---------------+----------------------+-----
Stealth        | 5 6 7 9 |  9.3
Hexes          | 4 5 6 7 |  7.3
Spellcasting   | 3 4 |  4.0
Short Blades   | 2 3 |  3.9
Dodging        | 4 5 6 |  6.0

Action                   |  1- 3 |  4- 6 |  7- 9 || total
-------------------------+-------+-------+-------++-------
Melee: Dagger            |    49 |       |       ||    49
       Short sword       |    58 |    91 |   103 ||   252
 Cast: Corona            |     2 |     3 |       ||     5
       Ensorcelled Hiber |     5 |    45 |    17 ||    67
  Use: Scroll            |       |     5 |       ||     5
       Potion            |       |       |     1 ||     1
 Stab: Sleeping          |    15 |    29 |     9 ||    53
Armor: Robe              |    10 |    11 |     2 ||    23
Dodge: Dodged            |    79 |   101 |    79 ||   259

Table legend: (Time is in decaauts)
 A = Elapsed time spent in this place.
 B = Non-inter-level travel time spent in this place.
 C = Inter-level travel time spent in this place.
 D = Time resting spent in this place.
 E = Time spent auto-exploring this place.
 F = Levels seen in this place.
 G = Mean time per level.
                   A        B        C        D        E       F      G
               +--------+--------+--------+--------+--------+-----+--------+
         Total |   4519 |   4412 |    107 |    592 |   3012 |   7 |  645.6 |
       Dungeon |   4500 |   4395 |    105 |    592 |   3006 |   6 |  750.0 |
        Temple |     18 |     16 |      2 |      0 |      6 |   1 |   18.0 |
               +--------+--------+--------+--------+--------+-----+--------+

Top non-repeatable levels by time:
     D:5: 1313 daAuts
     D:4: 913 daAuts
     D:2: 888 daAuts
     D:3: 758 daAuts
     D:1: 499 daAuts
     D:6: 128 daAuts
  Temple: 18 daAuts
